Penguins vs Canadiens

Created - 12 décembre 2021 at 15:59

Goals
1 2 3 T
Penguins 1 1 0 2
Canadiens 1 2 1 4
Shots
1 2 3 T
Penguins 14 14 5 33
Canadiens 18 5 7 30

GoalsPenalties
1st period
1. Canadiens , Brayden Schenn 5 (Kasperi Kapanen 3, Matt Roy 6) at 3:10
2. Penguins , Trevor Lewis 4 (Niklas Hjalmarsson 11, Nick Ritchie 4) at 9:18
Nick Holden (PIT) for Roughing (Minor) at 4:56
2nd period
3. Canadiens , Auston Matthews 18 (Brayden Schenn 13, Mitch Marner 24) at 4:10 (PP)
4. Canadiens , Auston Matthews 19 (Zach Hyman 14) at 5:27
5. Penguins , Sami Vatanen 5 (Jack Eichel 22, Brady Tkachuk 7) at 14:07
Jonathan Drouin (PIT) for Hooking (Minor) at 3:20
Carson Soucy (MON) for Hooking (Minor) at 5:50
Brandon Tanev (MON) for Tripping (Minor) at 10:53
Sami Vatanen (PIT) for Hooking (Minor) at 17:15
3rd period
6. Canadiens , Jake Muzzin 6 (Auston Matthews 25, Mitch Marner 25) at 7:51 (PP)
Duncan Keith (PIT) for Holding (Minor) at 6:28
Brayden Schenn (MON) for Hooking (Minor) at 9:04
Carson Soucy (MON) for Hooking (Minor) at 14:49
Dan Hamhuis (PIT) for Hooking (Minor) at 18:25
Goalie Stats
Anton Khudobin (PIT), 26 saves from 30 shots - (0,867), L, 4-3-0, 60:00 minutes
Cam Talbot (MON), 31 saves from 33 shots - (0,939), W, 16-2-3, 60:00 minutes
3 StarsOfficial
1 - Auston Matthews (MON)
2 - Brayden Schenn (MON)
3 - Jake Muzzin (MON)
Referees : Jon Mclsaac and Francois StLaurent
Linesman : Michel Cormier and Mike Cvik
Game Note
No Game Note
Finance
Level 1 -- Attendance: 5000 (100,00%) -- Ticket Income 450 000 $
Level 2 -- Attendance: 3528 (88,20%) -- Ticket Income 176 400 $
Level 3 -- Attendance: 2415 (80,50%) -- Ticket Income 96 600 $
Level 4 -- Attendance: 2773 (69,33%) -- Ticket Income 69 325 $
Luxury Box -- Attendance: 745 (74,50%) -- Ticket Income 149 000 $
Game was played at the Centre Bell.
Total Attendance: 14461 (85,06%)
Total Ticket Income: 941 325 $
Other Income: 461 249 $
Total Income: 1 402 574 $



Team Name Goals Shots Shots Attemp Shots Blocked PIM HIT PP PK FO%
Penguins 23361910200 / 4 (0%)249%
Canadiens 4305848232 / 5 (40%)051%

Penguins
Player Name POS G A P +/- PIM HIT SHT SB MP PP MP PP SHT PK MP PK SHT FO% FOT
Arthur KaliyevRW000-1001016:560:0003:5200% 0
Brady TkachukLW0110054022:263:5113:5300% 2
Brett ConnollyRW0000000014:420:0000:000100% 1
Dan HamhuisD000-1251015:210:0003:1200% 0
Dominic ToninatoC0001001010:100:0003:52044% 16
Duncan KeithD0001221422:453:1503:4100% 0
Filip ZadinaRW0000002014:204:0500:00033% 3
Jack EichelC0110004018:494:0720:00041% 22
Jonathan DrouinC/LW/RW000-1206017:043:5100:100100% 2
Kirby DachC/RW000-1012016:533:4910:00046% 24
Nick HoldenD0000211319:220:0003:0400% 0
Nick RitchieLW0111022010:234:0510:0000% 0
Niklas HjalmarssonD0110003022:384:4114:0800% 0
Richard PanikLW/RW0000010010:150:0000:0000% 0
Sami VatanenD1011211122:493:1501:1500% 0
Trevor LewisC/LW/RW101100106:300:0000:1200% 1
Ty SmithD000-1021117:014:4110:1000% 0
Zack SmithC/LW0000002013:460:0003:31073% 15
Canadiens
Player Name POS G A P +/- PIM HIT SHT SB MP PP MP PP SHT PK MP PK SHT FO% FOT
Adam HenriqueC/LW000-1032014:294:3400:24020% 5
Auston MatthewsC/LW2131007017:043:1120:00047% 19
Brandon CarloD0001010018:020:0003:4400% 0
Brandon TanevLW/RW0000213011:080:0002:4900% 1
Brayden SchennC/LW/RW1120231016:143:4000:00071% 17
Carson SoucyD000-1440017:100:0001:5800% 0
Clayton KellerLW/RW000-1003014:054:3410:00050% 4
Egor KorshkovLW/RW000000008:200:0000:0000% 1
Jake MuzzinD1011012022:103:4024:1200% 0
John CarlsonD000-1001119:194:0510:0000% 0
Jonathan HuberdeauLW0000000115:463:1100:00050% 2
Kasperi KapanenLW/RW0110012017:530:3514:4300% 0
Luke KuninC/RW0000030012:290:0004:09050% 20
Matt RoyD0110010018:590:0004:1200% 0
Mitch MarnerRW0221003017:043:1100:0000% 2
Morgan RiellyD0000011220:384:0511:4600% 0
Radek FaksaC000-1014013:180:0003:47064% 14
Zach HymanLW/RW0111031017:523:5900:0000% 1

Penguins

5 vs 5 Forward
Line #Left WingCenterRight WingPHYDFOFWanted %Time %Time Play
1Brady TkachukJack EichelBrett Connolly0143433%14:42
2Jonathan DrouinKirby DachArthur Kaliyev0233029%13:04
3Richard PanikZack SmithFilip Zadina0322223%10:15
4Nick RitchieDominic ToninatoTrevor Lewis2301414%6:18
5 vs 5 Defense
Line #DefenseDefensePHYDFOFWanted %Time %Time Play
1Duncan KeithSami Vatanen0323836%15:50
2Nick HoldenNiklas Hjalmarsson0323631%13:49
3Dan HamhuisTy Smith1312627%12:10
4Nick HoldenSami Vatanen12206%2:30
Power Play Forward
Line #Left WingCenterRight WingPHYDFOFWanted %Time %Time Play
1Brady TkachukJack EichelJonathan Drouin0055049%3:51
2Nick RitchieKirby DachFilip Zadina0055051%4:05
Power Play Defense
Line #DefenseDefensePHYDFOFWanted %Time %Time Play
1Duncan KeithSami Vatanen0235041%3:15
2Ty SmithNiklas Hjalmarsson0235059%4:41
Penalty Kill 4 Players Forward
Line #CenterWingPHYDFOFWanted %Time %Time Play
1Zack SmithBrady Tkachuk0505050%3:53
2Dominic ToninatoArthur Kaliyev0505050%3:52
Penalty Kill 4 Players Defense
Line #DefenseDefensePHYDFOFWanted %Time %Time Play
1Duncan KeithDan Hamhuis1405051%3:59
2Nick HoldenNiklas Hjalmarsson1405049%3:46
Penalty Kill 3 Players
Line #WingPHYDFOFWanted %Time %Time PlayDefenseDefensePHYDFOFWanted %Time %Time Play
1Kirby Dach050500%0:00 Sami VatanenNick Holden050500%0:00
2Zack Smith050500%0:00 Dan HamhuisTy Smith050500%0:00
4 vs 4 Forward
Line #CenterWingPHYDFOFWanted %Time %Time Play
1Zack SmithBrett Connolly023500%0:00
2Jack EichelJonathan Drouin023500%0:00
4 vs 4 Defense
Line #DefensePHYDFOFWanted %Time %Time Play
1Nick HoldenSami Vatanen032500%0:00
2Ty SmithDan Hamhuis032500%0:00
Last Minutes Offensive
Left WingCenterRight WingDefenseDefense
Brady TkachukJack EichelJonathan DrouinNick HoldenSami Vatanen
Last Minutes Defensive
Left WingCenterRight WingDefenseDefense
Jonathan DrouinJack EichelFilip ZadinaNick HoldenSami Vatanen
Time
Total ForwardTotal DefenseLast Minutes OffensiveLast Minutes Defensive
60:00 60:00 0:000:00
Extra Forwards
Normal PowerPlayPenalty Kill
Arthur Kaliyev, Jack Eichel, Brady TkachukKirby Dach, Jonathan DrouinTrevor Lewis
Extra Defensemen
Normal PowerPlayPenalty Kill
Duncan Keith, Nick Holden, Dan HamhuisSami Vatanen, Niklas HjalmarssonNick Holden
Penalty Shots
Jack Eichel, Jonathan Drouin, Brady Tkachuk, Filip Zadina, Kirby Dach
Goalie
Anton Khudobin, Thatcher Demko
Custom OT Lines Forwards
Jack Eichel, Brady Tkachuk, Filip Zadina, Arthur Kaliyev, Kirby Dach, Jonathan Drouin, Nick Ritchie, Brett Connolly, Zack Smith, Trevor Lewis
Custom OT Lines Defensemen
Sami Vatanen, Nick Holden, Duncan Keith, Niklas Hjalmarsson, Ty Smith
Scratches
Par Lindholm (Healthy), Greg McKegg (Healthy), Henrik Lundqvist (Healthy)

Canadiens

5 vs 5 Forward
Line #Left WingCenterRight WingPHYDFOFWanted %Time %Time Play
1Zach HymanAuston MatthewsMitch Marner0233031%13:53
2Jonathan HuberdeauBrayden SchennKasperi Kapanen0322828%12:35
3Adam HenriqueRadek FaksaClayton Keller0322421%9:31
4Brandon TanevLuke KuninEgor Korshkov1221819%8:20
5 vs 5 Defense
Line #DefenseDefensePHYDFOFWanted %Time %Time Play
1John CarlsonCarson Soucy0233434%15:14
2Jake MuzzinBrandon Carlo0323332%14:18
3Matt RoyMorgan Rielly1223333%14:47
4John CarlsonMorgan Rielly12200%0:00
Power Play Forward
Line #Left WingCenterRight WingPHYDFOFWanted %Time %Time Play
1Jonathan HuberdeauAuston MatthewsMitch Marner0145041%3:11
2Zach HymanAdam HenriqueClayton Keller0145059%4:34
Power Play Defense
Line #DefenseDefensePHYDFOFWanted %Time %Time Play
1John CarlsonMorgan Rielly0145053%4:05
2Jake MuzzinBrayden Schenn0145047%3:40
Penalty Kill 4 Players Forward
Line #CenterWingPHYDFOFWanted %Time %Time Play
1Radek FaksaKasperi Kapanen0415048%3:47
2Luke KuninBrandon Tanev0415052%4:09
Penalty Kill 4 Players Defense
Line #DefenseDefensePHYDFOFWanted %Time %Time Play
1Jake MuzzinMatt Roy0415053%4:12
2Brandon CarloCarson Soucy0415047%3:44
Penalty Kill 3 Players
Line #WingPHYDFOFWanted %Time %Time PlayDefenseDefensePHYDFOFWanted %Time %Time Play
1Radek Faksa050500%0:00 Carson SoucyBrandon Carlo050500%0:00
2Luke Kunin050500%0:00 Jake MuzzinMatt Roy050500%0:00
4 vs 4 Forward
Line #CenterWingPHYDFOFWanted %Time %Time Play
1Auston MatthewsMitch Marner023500%0:00
2Brayden SchennJonathan Huberdeau023500%0:00
4 vs 4 Defense
Line #DefensePHYDFOFWanted %Time %Time Play
1John CarlsonCarson Soucy032500%0:00
2Matt RoyMorgan Rielly032500%0:00
Last Minutes Offensive
Left WingCenterRight WingDefenseDefense
Jonathan HuberdeauAuston MatthewsMitch MarnerJohn CarlsonMorgan Rielly
Last Minutes Defensive
Left WingCenterRight WingDefenseDefense
Brandon TanevRadek FaksaLuke KuninJake MuzzinBrandon Carlo
Time
Total ForwardTotal DefenseLast Minutes OffensiveLast Minutes Defensive
60:00 60:00 0:000:00
Extra Forwards
Normal PowerPlayPenalty Kill
Clayton Keller, Kasperi Kapanen, Luke KuninClayton Keller, Kasperi KapanenKasperi Kapanen
Extra Defensemen
Normal PowerPlayPenalty Kill
Matt Roy, Carson Soucy, Brandon CarloCarson Soucy, Morgan RiellyCarson Soucy
Penalty Shots
Auston Matthews, Clayton Keller, Jonathan Huberdeau, Kasperi Kapanen, Zach Hyman
Goalie
Cam Talbot, Frederik Andersen
Custom OT Lines Forwards
Auston Matthews, Mitch Marner, Jonathan Huberdeau, Brayden Schenn, Radek Faksa, Clayton Keller, Zach Hyman, Luke Kunin, Kasperi Kapanen, Adam Henrique
Custom OT Lines Defensemen
John Carlson, Morgan Rielly, Jake Muzzin, Brandon Carlo, Matt Roy
Scratches
T.J. Brodie (Healthy), Lucas Wallmark (Healthy), Adam Brooks (Healthy)


Play-by-Play

1st period


0:01 of 1st period - Auston Matthews wins face-off versus Jack Eichel in neutral zone.
0:01 of 1st period - Mitch Marner is hit by Brady Tkachuk and loses puck.
0:08 of 1st period - Shot by Jack Eichel.
0:08 of 1st period - Shot Blocked by John Carlson.
0:23 of 1st period - Brady Tkachuk is hit by Carson Soucy and loses puck.
0:32 of 1st period - Shot by Jack Eichel.
0:32 of 1st period - Shot Misses the Net.
0:34 of 1st period - Shot by Jack Eichel.
0:34 of 1st period - Deflect By Brady Tkachuk.
0:34 of 1st period - Stopped by Cam Talbot without a rebound.
0:35 of 1st period - Brayden Schenn wins face-off versus Kirby Dach in Canadiens zone.
1:06 of 1st period - Shot by Jonathan Drouin.
1:06 of 1st period - Shot Misses the Net.
1:08 of 1st period - Shot by Niklas Hjalmarsson.
1:08 of 1st period - Stopped by Cam Talbot without a rebound.
1:09 of 1st period - Zack Smith wins face-off versus Radek Faksa in Canadiens zone.
1:18 of 1st period - Shot by Adam Henrique.
1:18 of 1st period - Deflect By Clayton Keller.
1:18 of 1st period - Stopped by Anton Khudobin without a rebound.
1:19 of 1st period - Luke Kunin wins face-off versus Dominic Toninato in Penguins zone.
1:36 of 1st period - Shot by Nick Ritchie.
1:36 of 1st period - Shot Misses the Net.
1:38 of 1st period - Shot by Trevor Lewis.
1:38 of 1st period - Shot Blocked by Morgan Rielly.
1:40 of 1st period - Shot by Dan Hamhuis.
1:40 of 1st period - Stopped by Cam Talbot with a rebound.
1:42 of 1st period - Shot by Nick Ritchie.
1:42 of 1st period - Stopped by Cam Talbot with a rebound.
1:44 of 1st period - Shot by Trevor Lewis.
1:44 of 1st period - Shot Misses the Net.
1:46 of 1st period - Shot by Dominic Toninato.
1:46 of 1st period - Stopped by Cam Talbot without a rebound.
1:47 of 1st period - Radek Faksa wins face-off versus Zack Smith in Canadiens zone.
2:51 of 1st period - Shot by Mitch Marner.
2:51 of 1st period - Stopped by Anton Khudobin without a rebound.
2:52 of 1st period - Kirby Dach wins face-off versus Brayden Schenn in Penguins zone.
2:52 of 1st period - Kirby Dach is hit by Brayden Schenn.
3:10 of 1st period - Shot by Brayden Schenn.
3:10 of 1st period - Goal by Brayden Schenn - Penguins : 0 - Canadiens : 1.
3:11 of 1st period - Auston Matthews wins face-off versus Brady Tkachuk in neutral zone.
3:24 of 1st period - Shot by Auston Matthews.
3:24 of 1st period - Shot Blocked by Nick Holden.
3:28 of 1st period - Shot by Mitch Marner.
3:28 of 1st period - Stopped by Anton Khudobin with a rebound.
3:30 of 1st period - Shot by Auston Matthews.
3:30 of 1st period - Stopped by Anton Khudobin without a rebound.
3:31 of 1st period - Jonathan Drouin wins face-off versus Luke Kunin in Penguins zone.
3:42 of 1st period - Shot by Kirby Dach.
3:42 of 1st period - Stopped by Cam Talbot without a rebound.
3:43 of 1st period - Brayden Schenn wins face-off versus Jack Eichel in Canadiens zone.
3:58 of 1st period - Kasperi Kapanen is hit by Nick Holden.
4:56 of 1st period - Minor Penalty to Nick Holden for Roughing.
4:57 of 1st period - Dominic Toninato wins face-off versus Adam Henrique in Penguins zone.
5:17 of 1st period - Shot by Adam Henrique.
5:17 of 1st period - Shot Blocked by Duncan Keith.
5:19 of 1st period - Shot by Morgan Rielly.
5:19 of 1st period - Deflect By Clayton Keller.
5:19 of 1st period - Stopped by Anton Khudobin without a rebound.
5:20 of 1st period - Auston Matthews wins face-off versus Zack Smith in Penguins zone.
5:25 of 1st period - Shot by Auston Matthews.
5:25 of 1st period - Stopped by Anton Khudobin with a rebound.
5:27 of 1st period - Shot by Mitch Marner.
5:27 of 1st period - Shot Misses the Net.
5:29 of 1st period - Shot by Jake Muzzin.
5:29 of 1st period - Stopped by Anton Khudobin without a rebound.
5:30 of 1st period - Auston Matthews wins face-off versus Dominic Toninato in Penguins zone.
5:48 of 1st period - Mitch Marner is hit by Dan Hamhuis and loses puck.
6:01 of 1st period - Shot by Mitch Marner.
6:01 of 1st period - Shot Misses the Net.
7:23 of 1st period - Shot by Brandon Tanev.
7:23 of 1st period - Stopped by Anton Khudobin without a rebound.
7:24 of 1st period - Kirby Dach wins face-off versus Auston Matthews in Penguins zone.
7:32 of 1st period - Icing by Matt Roy.
7:33 of 1st period - Jack Eichel wins face-off versus Mitch Marner in Canadiens zone.
7:58 of 1st period - Shot by Brett Connolly.
7:58 of 1st period - Shot Misses the Net.
8:21 of 1st period - Off-side.
8:22 of 1st period - Jonathan Drouin wins face-off versus Radek Faksa in neutral zone.
8:41 of 1st period - Shot by Clayton Keller.
8:41 of 1st period - Deflect By Radek Faksa.
8:41 of 1st period - Stopped by Anton Khudobin without a rebound.
8:42 of 1st period - Brayden Schenn wins face-off versus Dominic Toninato in Penguins zone.
9:12 of 1st period - Shot by Nick Ritchie.
9:12 of 1st period - Shot Blocked by Jonathan Huberdeau.
9:14 of 1st period - Shot by Trevor Lewis.
9:14 of 1st period - Shot Misses the Net.
9:16 of 1st period - Shot by Niklas Hjalmarsson.
9:16 of 1st period - Shot Misses the Net.
9:18 of 1st period - Shot by Trevor Lewis.
9:18 of 1st period - Goal by Trevor Lewis - Penguins : 1 - Canadiens : 1.
9:19 of 1st period - Radek Faksa wins face-off versus Kirby Dach in neutral zone.
9:28 of 1st period - Shot by Adam Henrique.
9:28 of 1st period - Stopped by Anton Khudobin without a rebound.
9:29 of 1st period - Zack Smith wins face-off versus Luke Kunin in Penguins zone.
9:52 of 1st period - Luke Kunin is hit by Sami Vatanen and loses puck.
10:39 of 1st period - Shot by Jake Muzzin.
10:39 of 1st period - Shot Blocked by Nick Holden.
11:05 of 1st period - Shot by Kirby Dach.
11:05 of 1st period - Deflect By Arthur Kaliyev.
11:05 of 1st period - Stopped by Cam Talbot without a rebound.
11:06 of 1st period - Jack Eichel wins face-off versus Auston Matthews in Canadiens zone.
11:09 of 1st period - Shot by Jack Eichel.
11:09 of 1st period - Shot Misses the Net.
11:15 of 1st period - Shot by Brady Tkachuk.
11:15 of 1st period - Shot Misses the Net.
11:43 of 1st period - Shot by Jack Eichel.
11:43 of 1st period - Stopped by Cam Talbot with a rebound.
11:45 of 1st period - Shot by Brady Tkachuk.
11:45 of 1st period - Stopped by Cam Talbot without a rebound.
11:46 of 1st period - Brayden Schenn wins face-off versus Kirby Dach in Canadiens zone.
11:58 of 1st period - Shot by Jonathan Drouin.
11:58 of 1st period - Stopped by Cam Talbot without a rebound.
11:59 of 1st period - Clayton Keller wins face-off versus Dominic Toninato in Canadiens zone.
12:30 of 1st period - Shot by Radek Faksa.
12:30 of 1st period - Stopped by Anton Khudobin without a rebound.
12:31 of 1st period - Brayden Schenn wins face-off versus Kirby Dach in Penguins zone.
12:32 of 1st period - Shot by Jonathan Huberdeau.
12:32 of 1st period - Shot Misses the Net.
12:42 of 1st period - Shot by Nick Holden.
12:42 of 1st period - Stopped by Cam Talbot without a rebound.
12:43 of 1st period - Brett Connolly wins face-off versus Auston Matthews in Canadiens zone.
13:09 of 1st period - Shot by Zach Hyman.
13:09 of 1st period - Deflect By Auston Matthews.
13:09 of 1st period - Shot Misses the Net.
13:11 of 1st period - Shot by Zach Hyman.
13:11 of 1st period - Stopped by Anton Khudobin without a rebound.
13:12 of 1st period - Kirby Dach wins face-off versus Brayden Schenn in Penguins zone.
13:59 of 1st period - Icing by Arthur Kaliyev.
14:00 of 1st period - Auston Matthews wins face-off versus Kirby Dach in Penguins zone.
15:08 of 1st period - Shot by Brandon Tanev.
15:08 of 1st period - Shot Blocked by Nick Holden.
15:26 of 1st period - Shot by Brandon Tanev.
15:26 of 1st period - Stopped by Anton Khudobin without a rebound.
15:27 of 1st period - Brayden Schenn wins face-off versus Jack Eichel in Penguins zone.
15:31 of 1st period - Kasperi Kapanen is hit by Dan Hamhuis and loses puck.
15:37 of 1st period - Jonathan Huberdeau is hit by Dan Hamhuis and loses puck.
15:48 of 1st period - Dan Hamhuis is hit by Brayden Schenn and loses puck.
15:53 of 1st period - Shot by Brayden Schenn.
15:53 of 1st period - Deflect By Kasperi Kapanen.
15:53 of 1st period - Stopped by Anton Khudobin without a rebound.
15:54 of 1st period - Radek Faksa wins face-off versus Kirby Dach in Penguins zone.
15:55 of 1st period - Shot by Clayton Keller.
15:55 of 1st period - Shot Misses the Net.
15:57 of 1st period - Shot by Jake Muzzin.
15:57 of 1st period - Shot Blocked by Sami Vatanen.
15:59 of 1st period - Shot by Brandon Carlo.
15:59 of 1st period - Deflect By Adam Henrique.
15:59 of 1st period - Stopped by Anton Khudobin with a rebound.
16:17 of 1st period - Shot by Clayton Keller.
16:17 of 1st period - Stopped by Anton Khudobin without a rebound.
16:18 of 1st period - Jack Eichel wins face-off versus Brayden Schenn in Penguins zone.
16:38 of 1st period - Brett Connolly is hit by Carson Soucy and loses puck.
17:33 of 1st period - Shot by Jonathan Drouin.
17:33 of 1st period - Shot Misses the Net.
17:35 of 1st period - Shot by Duncan Keith.
17:35 of 1st period - Shot Misses the Net.
17:37 of 1st period - Shot by Duncan Keith.
17:37 of 1st period - Stopped by Cam Talbot without a rebound.
17:38 of 1st period - Dominic Toninato wins face-off versus Auston Matthews in Canadiens zone.
17:50 of 1st period - Icing by Matt Roy.
17:51 of 1st period - Zack Smith wins face-off versus Auston Matthews in Canadiens zone.
17:56 of 1st period - Shot by Filip Zadina.
17:56 of 1st period - Shot Misses the Net.
18:13 of 1st period - Shot by Filip Zadina.
18:13 of 1st period - Stopped by Cam Talbot without a rebound.
18:14 of 1st period - Radek Faksa wins face-off versus Kirby Dach in Canadiens zone.
18:18 of 1st period - Brandon Carlo is hit by Duncan Keith and loses puck.
18:39 of 1st period - Shot by Clayton Keller.
18:39 of 1st period - Deflect By Adam Henrique.
18:39 of 1st period - Shot Misses the Net.
18:56 of 1st period - Shot by Radek Faksa.
18:56 of 1st period - Stopped by Anton Khudobin without a rebound.
18:57 of 1st period - Jack Eichel wins face-off versus Egor Korshkov in Penguins zone.
18:57 of 1st period - Jack Eichel is hit by Brandon Tanev.
Goals for this period are 1 for Penguins vs 1 for Canadiens.
Shots for this period are 14 for Penguins vs 18 for Canadiens.

2nd period


0:01 of 2nd period - Dominic Toninato wins face-off versus Zach Hyman in neutral zone.
0:39 of 2nd period - Shot by Zach Hyman.
0:39 of 2nd period - Shot Misses the Net.
1:48 of 2nd period - Niklas Hjalmarsson is hit by Adam Henrique and loses puck.
2:21 of 2nd period - Shot by Jack Eichel.
2:21 of 2nd period - Deflect By Brady Tkachuk.
2:21 of 2nd period - Shot Misses the Net.
2:38 of 2nd period - Icing by Duncan Keith.
2:39 of 2nd period - Zack Smith wins face-off versus Luke Kunin in Penguins zone.
3:08 of 2nd period - Shot by Filip Zadina.
3:08 of 2nd period - Shot Misses the Net.
3:10 of 2nd period - Shot by Zack Smith.
3:10 of 2nd period - Stopped by Cam Talbot without a rebound.
3:11 of 2nd period - Kirby Dach wins face-off versus Auston Matthews in Canadiens zone.
3:20 of 2nd period - Minor Penalty to Jonathan Drouin for Hooking.
3:21 of 2nd period - Dominic Toninato wins face-off versus Adam Henrique in Penguins zone.
3:46 of 2nd period - Shot by John Carlson.
3:46 of 2nd period - Stopped by Anton Khudobin without a rebound.
3:47 of 2nd period - Auston Matthews wins face-off versus Dominic Toninato in Penguins zone.
4:10 of 2nd period - Shot by Auston Matthews.
4:10 of 2nd period - Goal by Auston Matthews - Penguins : 1 - Canadiens : 2.
4:11 of 2nd period - Kirby Dach wins face-off versus Clayton Keller in neutral zone.
4:28 of 2nd period - Shot by Sami Vatanen.
4:28 of 2nd period - Shot Misses the Net.
4:30 of 2nd period - Shot by Sami Vatanen.
4:30 of 2nd period - Shot Misses the Net.
4:45 of 2nd period - Shot by Jonathan Drouin.
4:45 of 2nd period - Stopped by Cam Talbot without a rebound.
4:46 of 2nd period - Jack Eichel wins face-off versus Auston Matthews in Canadiens zone.
5:05 of 2nd period - Shot by Auston Matthews.
5:05 of 2nd period - Shot Misses the Net.
5:11 of 2nd period - Shot by Mitch Marner.
5:11 of 2nd period - Shot Misses the Net.
5:27 of 2nd period - Shot by Auston Matthews.
5:27 of 2nd period - Goal by Auston Matthews - Penguins : 1 - Canadiens : 3.
5:28 of 2nd period - Brayden Schenn wins face-off versus Dominic Toninato in neutral zone.
5:42 of 2nd period - Kasperi Kapanen is hit by Ty Smith and loses puck.
5:50 of 2nd period - Minor Penalty to Carson Soucy for Hooking.
5:51 of 2nd period - Kirby Dach wins face-off versus Luke Kunin in Canadiens zone.
6:29 of 2nd period - Shot by Kirby Dach.
6:29 of 2nd period - Stopped by Cam Talbot with a rebound.
6:31 of 2nd period - Shot by Sami Vatanen.
6:31 of 2nd period - Shot Misses the Net.
6:47 of 2nd period - Brandon Carlo is hit by Brady Tkachuk and loses puck.
7:47 of 2nd period - Icing by Niklas Hjalmarsson.
7:48 of 2nd period - Luke Kunin wins face-off versus Jack Eichel in Penguins zone.
8:28 of 2nd period - Icing by John Carlson.
8:29 of 2nd period - Dominic Toninato wins face-off versus Auston Matthews in Canadiens zone.
8:29 of 2nd period - Trevor Lewis is hit by Carson Soucy.
8:56 of 2nd period - Icing by Sami Vatanen.
8:57 of 2nd period - Jonathan Huberdeau wins face-off versus Dominic Toninato in Penguins zone.
10:34 of 2nd period - Shot by Jack Eichel.
10:34 of 2nd period - Stopped by Cam Talbot without a rebound.
10:35 of 2nd period - Kirby Dach wins face-off versus Luke Kunin in Canadiens zone.
10:42 of 2nd period - Shot by Kirby Dach.
10:42 of 2nd period - Deflect By Jonathan Drouin.
10:42 of 2nd period - Stopped by Cam Talbot without a rebound.
10:43 of 2nd period - Kirby Dach wins face-off versus Luke Kunin in Canadiens zone.
10:53 of 2nd period - Minor Penalty to Brandon Tanev for Tripping.
10:54 of 2nd period - Luke Kunin wins face-off versus Brady Tkachuk in Canadiens zone.
10:54 of 2nd period - Luke Kunin is hit by Brady Tkachuk.
11:00 of 2nd period - Niklas Hjalmarsson is hit by Luke Kunin and loses puck.
11:12 of 2nd period - Off-side.
11:13 of 2nd period - Filip Zadina wins face-off versus Luke Kunin in neutral zone.
11:44 of 2nd period - Shot by Ty Smith.
11:44 of 2nd period - Stopped by Cam Talbot without a rebound.
11:45 of 2nd period - Luke Kunin wins face-off versus Jack Eichel in Canadiens zone.
11:55 of 2nd period - Off-side.
11:56 of 2nd period - Luke Kunin wins face-off versus Jack Eichel in neutral zone.
12:27 of 2nd period - Shot by Jack Eichel.
12:27 of 2nd period - Stopped by Cam Talbot without a rebound.
12:28 of 2nd period - Luke Kunin wins face-off versus Filip Zadina in Canadiens zone.
12:43 of 2nd period - Shot by Nick Ritchie.
12:43 of 2nd period - Stopped by Cam Talbot without a rebound.
12:44 of 2nd period - Luke Kunin wins face-off versus Jack Eichel in Canadiens zone.
13:13 of 2nd period - Shot by Filip Zadina.
13:13 of 2nd period - Stopped by Cam Talbot with a rebound.
13:26 of 2nd period - Shot by Zack Smith.
13:26 of 2nd period - Stopped by Cam Talbot without a rebound.
13:27 of 2nd period - Jack Eichel wins face-off versus Luke Kunin in Canadiens zone.
13:38 of 2nd period - Shot by Brady Tkachuk.
13:38 of 2nd period - Stopped by Cam Talbot without a rebound.
13:39 of 2nd period - Brayden Schenn wins face-off versus Kirby Dach in Canadiens zone.
13:39 of 2nd period - Brayden Schenn is hit by Kirby Dach.
13:47 of 2nd period - Shot by Kasperi Kapanen.
13:47 of 2nd period - Shot Misses the Net.
13:52 of 2nd period - Arthur Kaliyev is hit by Jake Muzzin and loses puck.
14:01 of 2nd period - Shot by Kirby Dach.
14:01 of 2nd period - Shot Misses the Net.
14:03 of 2nd period - Shot by Jonathan Drouin.
14:03 of 2nd period - Stopped by Cam Talbot without a rebound.
14:04 of 2nd period - Jack Eichel wins face-off versus Radek Faksa in Canadiens zone.
14:05 of 2nd period - Shot by Brady Tkachuk.
14:05 of 2nd period - Deflect By Jack Eichel.
14:05 of 2nd period - Shot Misses the Net.
14:07 of 2nd period - Shot by Sami Vatanen.
14:07 of 2nd period - Goal by Sami Vatanen - Penguins : 2 - Canadiens : 3.
14:08 of 2nd period - Jack Eichel wins face-off versus Clayton Keller in neutral zone.
14:52 of 2nd period - Duncan Keith is hit by Adam Henrique and loses puck.
15:21 of 2nd period - Shot by Jonathan Drouin.
15:21 of 2nd period - Stopped by Cam Talbot without a rebound.
15:22 of 2nd period - Zack Smith wins face-off versus Auston Matthews in Canadiens zone.
15:51 of 2nd period - Ty Smith is hit by Zach Hyman and loses puck.
16:49 of 2nd period - Kirby Dach is hit by Morgan Rielly and loses puck.
16:58 of 2nd period - Shot by Kirby Dach.
16:58 of 2nd period - Shot Blocked by Morgan Rielly.
17:15 of 2nd period - Minor Penalty to Sami Vatanen for Hooking.
17:16 of 2nd period - Zack Smith wins face-off versus Adam Henrique in Penguins zone.
17:16 of 2nd period - Zack Smith is hit by Kasperi Kapanen.
17:26 of 2nd period - Shot by Kasperi Kapanen.
17:26 of 2nd period - Stopped by Anton Khudobin without a rebound.
17:27 of 2nd period - Adam Henrique wins face-off versus Dominic Toninato in Penguins zone.
17:36 of 2nd period - Shot by Brayden Schenn.
17:36 of 2nd period - Shot Blocked by Duncan Keith.
18:03 of 2nd period - Zach Hyman is hit by Dan Hamhuis and loses puck.
18:37 of 2nd period - Auston Matthews is hit by Brady Tkachuk and loses puck.
19:42 of 2nd period - Shot by Brandon Tanev.
19:42 of 2nd period - Stopped by Anton Khudobin without a rebound.
19:43 of 2nd period - Zack Smith wins face-off versus Brayden Schenn in Penguins zone.
19:55 of 2nd period - Icing by Kasperi Kapanen.
19:56 of 2nd period - Brayden Schenn wins face-off versus Trevor Lewis in Canadiens zone.
Goals for this period are 1 for Penguins vs 2 for Canadiens.
Shots for this period are 14 for Penguins vs 5 for Canadiens.

3rd period


0:01 of 3rd period - Brayden Schenn wins face-off versus Kirby Dach in neutral zone.
0:14 of 3rd period - Shot by Jonathan Drouin.
0:14 of 3rd period - Stopped by Cam Talbot with a rebound.
0:16 of 3rd period - Shot by Niklas Hjalmarsson.
0:16 of 3rd period - Stopped by Cam Talbot without a rebound.
0:17 of 3rd period - Radek Faksa wins face-off versus Jack Eichel in Canadiens zone.
0:32 of 3rd period - Brett Connolly is hit by Adam Henrique and loses puck.
1:34 of 3rd period - Off-side.
1:35 of 3rd period - Zack Smith wins face-off versus Jonathan Huberdeau in neutral zone.
1:59 of 3rd period - Icing by Dan Hamhuis.
2:00 of 3rd period - Auston Matthews wins face-off versus Zack Smith in Penguins zone.
2:29 of 3rd period - Shot by Auston Matthews.
2:29 of 3rd period - Stopped by Anton Khudobin without a rebound.
2:30 of 3rd period - Brayden Schenn wins face-off versus Kirby Dach in Penguins zone.
3:52 of 3rd period - Shot by Auston Matthews.
3:52 of 3rd period - Shot Misses the Net.
3:54 of 3rd period - Shot by Mitch Marner.
3:54 of 3rd period - Deflect By Auston Matthews.
3:54 of 3rd period - Stopped by Anton Khudobin without a rebound.
3:55 of 3rd period - Luke Kunin wins face-off versus Jack Eichel in Penguins zone.
4:06 of 3rd period - Shot by Duncan Keith.
4:06 of 3rd period - Shot Misses the Net.
4:34 of 3rd period - Shot by Luke Kunin.
4:34 of 3rd period - Shot Blocked by Duncan Keith.
4:39 of 3rd period - Duncan Keith is hit by Matt Roy and loses puck.
4:59 of 3rd period - Richard Panik is hit by Brayden Schenn and loses puck.
5:31 of 3rd period - Brayden Schenn is hit by Ty Smith.
5:35 of 3rd period - Shot by Kasperi Kapanen.
5:35 of 3rd period - Shot Misses the Net.
6:23 of 3rd period - Shot by Zach Hyman.
6:23 of 3rd period - Shot Misses the Net.
6:25 of 3rd period - Shot by Mitch Marner.
6:25 of 3rd period - Shot Misses the Net.
6:27 of 3rd period - Shot by Auston Matthews.
6:27 of 3rd period - Shot Blocked by Duncan Keith.
6:28 of 3rd period - Minor Penalty to Duncan Keith for Holding.
6:29 of 3rd period - Zack Smith wins face-off versus Adam Henrique in Penguins zone.
6:29 of 3rd period - Zack Smith is hit by Zach Hyman.
7:13 of 3rd period - Dan Hamhuis is hit by Zach Hyman.
7:51 of 3rd period - Shot by Jake Muzzin.
7:51 of 3rd period - Goal by Jake Muzzin - Penguins : 2 - Canadiens : 4.
7:52 of 3rd period - Luke Kunin wins face-off versus Kirby Dach in neutral zone.
7:55 of 3rd period - Kirby Dach is hit by Luke Kunin and loses puck.
9:04 of 3rd period - Minor Penalty to Brayden Schenn for Hooking.
9:05 of 3rd period - Jack Eichel wins face-off versus Radek Faksa in Canadiens zone.
9:06 of 3rd period - Shot by Ty Smith.
9:06 of 3rd period - Shot Misses the Net.
9:20 of 3rd period - Shot by Niklas Hjalmarsson.
9:20 of 3rd period - Stopped by Cam Talbot without a rebound.
9:21 of 3rd period - Radek Faksa wins face-off versus Jack Eichel in Canadiens zone.
9:43 of 3rd period - Shot by Jack Eichel.
9:43 of 3rd period - Stopped by Cam Talbot without a rebound.
9:44 of 3rd period - Kirby Dach wins face-off versus Luke Kunin in Canadiens zone.
9:44 of 3rd period - Duncan Keith is hit by Carson Soucy and loses puck.
11:06 of 3rd period - Off-side.
11:07 of 3rd period - Auston Matthews wins face-off versus Jack Eichel in neutral zone.
11:07 of 3rd period - John Carlson is hit by Brady Tkachuk and loses puck.
11:54 of 3rd period - Off-side.
11:55 of 3rd period - Dominic Toninato wins face-off versus Radek Faksa in neutral zone.
11:55 of 3rd period - Niklas Hjalmarsson is hit by Radek Faksa and loses puck.
12:09 of 3rd period - Icing by Matt Roy.
12:10 of 3rd period - Radek Faksa wins face-off versus Zack Smith in Canadiens zone.
12:10 of 3rd period - Morgan Rielly is hit by Richard Panik and loses puck.
12:30 of 3rd period - Icing by Niklas Hjalmarsson.
12:31 of 3rd period - Zack Smith wins face-off versus Brayden Schenn in Penguins zone.
12:43 of 3rd period - Nick Holden is hit by Brandon Carlo and loses puck.
12:51 of 3rd period - Icing by Brandon Carlo.
12:52 of 3rd period - Brayden Schenn wins face-off versus Jack Eichel in Canadiens zone.
12:57 of 3rd period - Shot by Jonathan Huberdeau.
12:57 of 3rd period - Shot Misses the Net.
13:40 of 3rd period - Kasperi Kapanen is hit by Duncan Keith and loses puck.
14:01 of 3rd period - Shot by Mitch Marner.
14:01 of 3rd period - Deflect By Auston Matthews.
14:01 of 3rd period - Stopped by Anton Khudobin without a rebound.
14:02 of 3rd period - Clayton Keller wins face-off versus Kirby Dach in Penguins zone.
14:09 of 3rd period - Shot by Clayton Keller.
14:09 of 3rd period - Shot Misses the Net.
14:11 of 3rd period - Shot by Radek Faksa.
14:11 of 3rd period - Shot Misses the Net.
14:13 of 3rd period - Shot by Radek Faksa.
14:13 of 3rd period - Stopped by Anton Khudobin without a rebound.
14:14 of 3rd period - Auston Matthews wins face-off versus Dominic Toninato in Penguins zone.
14:14 of 3rd period - Mitch Marner is hit by Dan Hamhuis and loses puck.
14:34 of 3rd period - Shot by Trevor Lewis.
14:34 of 3rd period - Shot Misses the Net.
14:49 of 3rd period - Minor Penalty to Carson Soucy for Hooking.
14:50 of 3rd period - Luke Kunin wins face-off versus Filip Zadina in Canadiens zone.
15:04 of 3rd period - Off-side.
15:05 of 3rd period - Radek Faksa wins face-off versus Jack Eichel in neutral zone.
15:34 of 3rd period - Shot by Jack Eichel.
15:34 of 3rd period - Shot Misses the Net.
15:36 of 3rd period - Shot by Duncan Keith.
15:36 of 3rd period - Shot Misses the Net.
15:38 of 3rd period - Shot by Brady Tkachuk.
15:38 of 3rd period - Stopped by Cam Talbot without a rebound.
15:39 of 3rd period - Kirby Dach wins face-off versus Brandon Tanev in Canadiens zone.
16:12 of 3rd period - Icing by Ty Smith.
16:13 of 3rd period - Radek Faksa wins face-off versus Kirby Dach in Penguins zone.
16:28 of 3rd period - Jake Muzzin is hit by Nick Ritchie.
16:32 of 3rd period - Jake Muzzin is hit by Nick Ritchie and loses puck.
16:47 of 3rd period - Shot by Luke Kunin.
16:47 of 3rd period - Shot Misses the Net.
17:26 of 3rd period - Shot by Mitch Marner.
17:26 of 3rd period - Stopped by Anton Khudobin without a rebound.
17:27 of 3rd period - Kirby Dach wins face-off versus Luke Kunin in Penguins zone.
17:55 of 3rd period - Shot by Brandon Tanev.
17:55 of 3rd period - Shot Blocked by Ty Smith.
18:15 of 3rd period - Dan Hamhuis is hit by Luke Kunin and loses puck.
18:25 of 3rd period - Minor Penalty to Dan Hamhuis for Hooking.
18:26 of 3rd period - Zack Smith wins face-off versus Mitch Marner in Penguins zone.
19:51 of 3rd period - Shot by Zach Hyman.
19:51 of 3rd period - Shot Misses the Net.
19:53 of 3rd period - Shot by Morgan Rielly.
19:53 of 3rd period - Stopped by Anton Khudobin without a rebound.
19:54 of 3rd period - Dominic Toninato wins face-off versus Auston Matthews in Penguins zone.
Goals for this period are 0 for Penguins vs 1 for Canadiens.
Shots for this period are 5 for Penguins vs 7 for Canadiens.